 Dungeon Crawl Stone Soup version 0.22-a0-348-gd16d139 (webtiles) character file.

3075 Amnesiac the Slicer (level 9, -8/103 HPs)
             Began as a Vine Stalker Gladiator on Apr 8, 2018.
             Was a Priest of Okawaru.
             Mangled by Curus's ghost (17 damage)
             ... on level 8 of the Dungeon.
             The game lasted 00:09:51 (6765 turns).

Amnesiac the Slicer (Vine Stalker Gladiator)        Turns: 6765, Time: 00:09:52

Health: -8/103     AC: 24    Str: 24    XL:     9   Next: 88%
Magic:  0/10       EV:  2    Int:  8    God:    Okawaru [***...]
Gold:   151        SH:  0    Dex: 17    Spells: 8/8 levels left

rFire    . . .     SeeInvis .   a - +2 dagger (venom)
rCold    . . .     Gourm    .   (no shield)
rNeg     + + +     Faith    +   (armour currently unavailable)
rPois    +         Spirit   +   (helmet currently unavailable)
rElec    .         Reflect  .   (cloak currently unavailable)
rCorr    .         Harm     .   (gloves currently unavailable)
MR       +....     NoTele   +   (boots currently unavailable)
Stlth    ..........             u - amulet of faith
HPRegen  0.67/turn              (no ring)
MPRegen  0.12/turn              (no ring)

@: berserking, tree-form, very quick
A: sense surroundings 1, regeneration 1, robust 1, wild magic 1, magic shield,
no potion heal 3, rot immunity
a: Heroism, Renounce Religion


You were on level 8 of the Dungeon.
You worshipped Okawaru.
Okawaru was most pleased with you.
You were hungry.
You were a tree.
You visited 2 branches of the dungeon, and saw 9 of its levels.

You collected 375 gold pieces.
You spent 224 gold pieces at shops.

Inventory:

Hand Weapons
 a - a +2 dagger of venom (weapon)
 c - a +0 blowgun
Missiles
 d - 3 throwing nets (quivered)
 g - 5 needles of sleeping
 h - 45 poisoned needles
 E - 11 tomahawks
Armour
 i - a +0 pair of gloves (melded)
 l - a +1 helmet (melded)
 o - a +0 cloak (melded)
 y - a +3 ring mail
 K - a +1 ring mail of poison resistance (melded)
Jewellery
 n - an uncursed ring of ice
 u - an amulet of faith (around neck)
Wands
 w - a wand of flame (60)
 x - a wand of iceblast (17)
Scrolls
 j - a scroll of fog {!r, unknown}
 m - a scroll of fear {!r, unknown}
 p - 6 scrolls of remove curse {!r, unknown}
 v - 2 scrolls of magic mapping {!r, unknown}
 z - 2 scrolls of enchant weapon {!r, unknown}
 A - 3 scrolls of teleportation {!r, unknown}
 B - a scroll of noise {!r, unknown}
 D - 2 scrolls of amnesia {!r, unknown}
 G - 2 scrolls of immolation {!r, unknown}
 H - 2 scrolls of summoning {!r, unknown}
 J - 2 scrolls of identify {!r}
Potions
 e - 3 potions of mutation {!q}
 k - 5 potions of curing {!q}
 q - a potion of brilliance {!q}
 r - 2 potions of cancellation {!q}
 s - 2 potions of berserk rage {!q}
 t - a potion of might {!q}
 C - a potion of resistance {!q}
 F - a potion of magic {!q}
 I - a potion of haste {!q, unknown}
Comestibles
 f - 12 rations


   Skills:
 - Level 1.7 Fighting
 - Level 8.2 Short Blades
 + Level 7.9 Throwing
 - Level 2.4 Dodging
 - Level 8.2 Stealth


You had 8 spell levels left.
You didn't know any spells.

Dungeon Overview and Level Annotations

Branches:
Dungeon (8/15)             Temple (1/1) D:5
   Lair: D:8-11

Altars:
Ashenzari
Cheibriados
Dithmenos
Elyvilon
Fedhas
Gozag
Hepliaklqana
Makhleb
Nemelex Xobeh
Okawaru
Qazlal
Ru
Sif Muna
Trog
Uskayaw
Vehumet
Wu Jian
Xom
Yredelemnul
Zin
The Shining One

Shops:
D:6 *

Annotations:
D:8 Curus's ghost, novice MiFi


Innate Abilities, Weirdness & Mutations

((You have razor-sharp teeth.))
Your natural rate of healing is unusually fast.
When hurt, damage is shared between your health and your magic reserves.
((Your bite disrupts and absorbs the magic of your enemies.))
Potions cannot restore your health.
You are immune to rotting.
You passively map a small area around you.
You are robust. (+10% HP)
Your spells are a little harder to cast, but a little more powerful.


Message History

Curus's ghost hits you!!
* * * LOW HITPOINT WARNING * * *
You hear a shout!
You hit Curus's ghost but do no damage.
You bite Curus's ghost, but do no damage.
Curus's ghost is lightly damaged.
You hear an angry hiss.
A gnoll comes into view.
You hit Curus's ghost but do no damage.
You bite Curus's ghost, but do no damage.
Curus's ghost is lightly damaged.
Press: ? - help, v - describe, . - travel
Here: Curus's ghost (lightly damaged)
The floor.
Really quaff
b - a potion of lignification {!q}?
You turn into a tree.
Your roots penetrate the ground.
Curus's ghost hits you but does no damage.
You hit Curus's ghost but do no damage.
Curus's ghost is lightly damaged.
Curus's ghost hits you but does no damage.
You barely miss Curus's ghost.
Curus's ghost is lightly damaged.
You hit Curus's ghost but do no damage.
Curus's ghost is lightly damaged.
Curus's ghost hits you but does no damage.
You hit Curus's ghost but do no damage.
Curus's ghost is lightly damaged.
You hit Curus's ghost but do no damage.
Curus's ghost is lightly damaged.
Curus's ghost hits you!
* * * LOW HITPOINT WARNING * * *
You hit Curus's ghost but do no damage.
Curus's ghost is lightly damaged.
Curus's ghost hits you!
* * * LOW HITPOINT WARNING * * *
You hit Curus's ghost but do no damage.
Curus's ghost is lightly damaged.
You hit Curus's ghost but do no damage.
Curus's ghost is lightly damaged.
Curus's ghost hits you!
* * * LOW HITPOINT WARNING * * *
You hit Curus's ghost but do no damage.
Curus's ghost is lightly damaged.
Okay, then.
Really quaff
s - 3 potions of berserk rage {!q}?
A red film seems to cover your vision as you go berserk!
You feel yourself moving faster!
You feel mighty!
Curus's ghost hits you but does no damage.
You hit Curus's ghost but do no damage.
Curus's ghost is lightly damaged.
Curus's ghost hits you but does no damage.
You hit Curus's ghost.
Curus's ghost is lightly damaged.
You barely miss Curus's ghost.
Curus's ghost is lightly damaged.
Curus's ghost barely misses you.
You puncture Curus's ghost!
Curus's ghost is lightly damaged.
You hit Curus's ghost but do no damage.
Curus's ghost is lightly damaged.
You hit Curus's ghost.
Curus's ghost is lightly damaged.
Curus's ghost hits you!!
You die...

.##....##......#.##.#######.
.#####.##......#.##.........
....#...##.......##..######.
........,......<.....#
....#...##.......###.######..,
..).# .# * #...####..>.......
.>).##, #.. #..######## .....#.#*
* #.#####..# .# ......H..
#...♣Wg..# *.# #....#.##
##..####.## .# #.####.###.##...#
#.# .#* #.# #..........# #.# *.#*
#.####..###+###.# #.# .#
..†.<...# #.# #.###.# #######.##.
#.#####.###.###....g###..........
#.# #.'.._..'.##.......>g...#..
#.# #.#######.#######.###.###


You could see Curus's ghost and a gnoll.

Vanquished Creatures
  Pikel (D:5)
  The ghost of Amnesiac the Cutter, a novice VSGl (D:4)
  Sigmund (D:6)
  An orc warrior (D:7)
  2 ogres
  2 centaurs
  A big kobold (D:8)
  3 bullfrogs
  A wyvern zombie (D:7)
  A scorpion (D:4)
  5 killer bees (D:8)
  A howler monkey (D:8)
  2 jellies
  A crimson imp (D:6)
  A quasit (D:6)
  5 orc priests
  Crazy Yiuf (D:3)
  A hound (D:7)
  10 orc wizards
  Jessica (D:3)
  2 iguanas
  Ijyb (D:3)
  Terence (D:3)
  4 worker ants
  3 hound skeletons
  A howler monkey zombie (D:4)
  A howler monkey skeleton (D:7)
  13 adders
  2 oozes
  An adder skeleton (D:7)
  5 worms
  4 dart slugs
  3 leopard geckos
  27 orcs
  A ball python (D:4)
  9 bats
  5 giant cockroaches
  4 goblins
  8 hobgoblins
  8 jackals
  3 quokkas
  3 frilled lizards
  10 kobolds
  2 leopard gecko skeletons (D:5)
  A quokka skeleton (D:5)
  3 rats
167 creatures vanquished.

Notes
Turn   | Place    | Note
-------+----------+-------------------------------------------
     0 | D:1      | Amnesiac the Vine Stalker Gladiator began the quest for the Orb.
     0 | D:1      | Reached XP level 1. HP: 11/11 MP: 2/2
    27 | D:1      | Reached skill level 1 in Stealth
   580 | D:1      | Reached XP level 2. HP: 14/15 MP: 3/3
  1079 | D:2      | Reached XP level 3. HP: 12/18 MP: 4/4
  1704 | D:2      | Gained mutation: Your natural rate of healing is unusually fast. [Vine Stalker growth]
  1704 | D:2      | Reached XP level 4. HP: 20/23 MP: 3/5
  1855 | D:2      | Found an ornate altar of the Wu Jian Council.
  1857 | D:2      | Found an opulent altar of Gozag.
  1857 | D:2      | Found a stormy altar of Qazlal.
  1860 | D:2      | Found a hazy altar of Hepliaklqana.
  1860 | D:2      | Found a shimmering altar of Xom.
  1860 | D:2      | Found an ornate altar of the Wu Jian Council.
  1904 | D:3      | Noticed Jessica
  1916 | D:3      | Killed Jessica
  2071 | D:3      | Reached XP level 5. HP: 26/26 MP: 6/6
  2269 | D:3      | Reached XP level 6. HP: 19/30 MP: 3/7
  2313 | D:3      | Found a runed door.
  2457 | D:3      | Noticed Ijyb
  2459 | D:3      | Killed Ijyb
  2459 | D:3      | Reached skill level 5 in Short Blades
  2459 | D:3      | Reached skill level 5 in Stealth
  2463 | D:3      | Noticed Terence
  2471 | D:3      | Killed Terence
  3028 | D:3      | Noticed Crazy Yiuf
  3032 | D:3      | Killed Crazy Yiuf
  3149 | D:4      | Found a snail-covered altar of Cheibriados.
  3336 | D:4      | Found a burning altar of Makhleb.
  3387 | D:4      | Reached XP level 7. HP: 34/34 MP: 8/8
  3402 | D:4      | Found a deep blue altar of Sif Muna.
  3781 | D:4      | Found a stormy altar of Qazlal.
  4069 | D:4      | Noticed Amnesiac's ghost (novice VSGl)
  4092 | D:4      | Killed Amnesiac's ghost
  4217 | D:5      | Entered Level 5 of the Dungeon
  4236 | D:5      | Found a staircase to the Ecumenical Temple.
  4242 | Temple   | Entered the Ecumenical Temple
  4287 | Temple   | Became a worshipper of Warmaster Okawaru
  4331 | D:5      | Gained mutation: You have razor-sharp teeth. [Vine Stalker growth]
  4331 | D:5      | Reached XP level 8. HP: 17/38 MP: 4/9
  4378 | D:5      | Noticed Pikel
  4406 | D:5      | Killed Pikel
  4406 | D:5      | Reached * piety under Okawaru
  4441 | D:5      | Found a radiant altar of Vehumet.
  5131 | D:5      | Gained mutation: You passively map a small area around you. [potion of mutation]
  5131 | D:5      | Gained mutation: You are robust. (+10% HP) [potion of mutation]
  5131 | D:5      | Gained mutation: Your spells are a little harder to cast, but a little more powerful. [potion of mutation]
  5133 | D:6      | Found Lexkaeleats's Assorted Antiques.
  5137 | D:6      | Reached XP level 9. HP: 45/46 MP: 10/10
  5139 | D:6      | Bought a scroll labeled AXO NEMEYKUATH for 32 gold pieces
  5139 | D:6      | Bought a scroll labeled VIHOSASSA for 32 gold pieces
  5139 | D:6      | Bought a scroll labeled DAURUQ IHUAWN for 32 gold pieces
  5139 | D:6      | Bought a scroll labeled AXO NEMEYKUATH for 32 gold pieces
  5139 | D:6      | Bought a scroll labeled UCUIMASIUN for 32 gold pieces
  5139 | D:6      | Bought a scroll labeled UCUIMASIUN for 32 gold pieces
  5139 | D:6      | Bought a scroll labeled AXO NEMEYKUATH for 32 gold pieces
  5206 | D:6      | Noticed Sigmund
  5208 | D:6      | Killed Sigmund
  5340 | D:6      | Found a blossoming altar of Fedhas.
  5365 | D:6      | Reached skill level 5 in Throwing
  5437 | D:6      | Reached ** piety under Okawaru
  6593 | D:8      | Reached *** piety under Okawaru
  6687 | D:8      | Found a deep blue altar of Sif Muna.
  6715 | D:8      | Noticed Curus's ghost (novice MiFi)
  6765 | D:8      | Mangled by Curus's ghost

Vault maps used:
D:1:      roderic_chinese_lattice_arrival
D:2:      doesnt_xom_only_xom
D:3:      minmay_wonky_spiral, first_ration, uniq_jessica, uniq_ijyb,
          uniq_terence, uniq_crazy_yiuf_cottage
D:4:      lemuel_coloured_pillars_altar, kennysheep_mini,
          overflow_temple_1_default, led_sif_book
D:5:      fiery_altar_vehumet, minmay_temple_entry_hall, minivault_24,
          uniq_pikel
D:6:      basic_altar, serial_shops, shop_statue, uniq_sigmund
D:8:      lemuel_doored_altar, hangedman_pestilent_swarm
Temple:   nicolae_temple_elliptical

Skill      XL: |  1  2  3  4  5  6  7  8  9 |
---------------+----------------------------+-----
Stealth        | 2 3 4 5 6 8 |  8.2
Short Blades   | 3 4 5 6 8 |  8.2
Throwing       | 3 7 |  7.9
Fighting       | |  1.7
Dodging        | |  2.4

Action                   |  1- 3 |  4- 6 |  7- 9 || total
-------------------------+-------+-------+-------++-------
Melee: Rapier            |    91 |   176 |    20 ||   287
       Bite              |    24 |    54 |   130 ||   208
       Dagger            |       |       |   324 ||   324
Evoke: Wand              |       |     2 |     6 ||     8
  Use: Scroll            |       |       |     9 ||     9
       Potion            |       |       |     3 ||     3
 Stab: Sleeping          |     4 |     8 |    13 ||    25
  Eat: Chunk             |     2 |     6 |    10 ||    18
Armor: Leather armour    |    17 |    28 |       ||    45
       Ring mail         |       |    12 |    94 ||   106
       Skin              |       |       |     5 ||     5
Dodge: Dodged            |    46 |   111 |   140 ||   297

Table legend:
 A = Spawn XP
 B = Non-spawn XP
 C = Spawn XP percentage of total XP
 D = Spawn monster count
 E = Non-spawn monster count
 F = Spawn count percentage of total count
 G = Total turns spent on level
                    A         B        C        D         E        F      G
               +---------+---------+-------+---------+---------+-------+---------
         Total |       0 |    4394 |   0.0 |       0 |     167 |   0.0 |  6765
               +---------+---------+-------+---------+---------+-------+---------
           D:1 |       0 |      20 |   0.0 |       0 |      10 |   0.0 |   955
           D:2 |       0 |      73 |   0.0 |       0 |      20 |   0.0 |   949
           D:3 |       0 |     386 |   0.0 |       0 |      39 |   0.0 |  1150
           D:4 |       0 |     677 |   0.0 |       0 |      28 |   0.0 |  1163
           D:5 |       0 |    1088 |   0.0 |       0 |      18 |   0.0 |   852
           D:6 |       0 |     987 |   0.0 |       0 |      21 |   0.0 |   616
           D:7 |       0 |     697 |   0.0 |       0 |      22 |   0.0 |   815
           D:8 |       0 |     466 |   0.0 |       0 |       9 |   0.0 |   195
               +---------+---------+-------+---------+---------+-------+---------
